 Dungeon Crawl Stone Soup version 0.17.1-3-g152610e (webtiles) character file.

70 Gargoyl the Skirmisher (level 4, -8/37 HPs)
             Began as a Demonspawn Abyssal Knight on Mar 14, 2016.
             Was a Follower of Lugonu.
             Mangled by an ogre
             ... wielding a +0 giant spiked club
              (31 damage)
             ... on level 2 of the Dungeon.
             The game lasted 00:03:24 (1496 turns).

Gargoyl the Skirmisher (Demonspawn Abyssal Knight)  Turns: 1496, Time: 00:03:24

Health: -8/37      AC:  6    Str: 13    XL:     4   Next: 3%
Magic:  6/6        EV: 12    Int: 14    God:    Lugonu [*.....]
Gold:   85         SH:  0    Dex: 12    Spells: 0 memorised, 3 levels left

rFire  . . .     SeeInvis .     l - +0 falchion (elec)
rCold  . . .     Clarity  .     f - +0 ring mail
rNeg   . . .     SustAt   .     (no shield)
rPois  .         Gourm    +     (no helmet)
rElec  .         Spirit   .     (no cloak)
rCorr  .         Warding  .     (no gloves)
rMut   .         Stasis   .     h - +0 pair of boots
MR     .....                    d - amulet of the gourmand
Stlth  +.........               (no ring)
                                (no ring)

@: not resistant to hostile enchantments, very unstealthy
A: repulsion field 1, spiny 1
a: Depart the Abyss, Renounce Religion


You were on level 2 of the Dungeon.
You worshipped Lugonu.
Lugonu was aware of your devotion.
You were full.

You visited 1 branch of the dungeon, and saw 2 of its levels.
You visited the Abyss 1 time.

You collected 85 gold pieces.

Inventory:

Hand Weapons
 a - a +1 hand axe
 l - a +0 falchion of electrocution (weapon)
Armour
 f - a +0 ring mail (worn)
 h - a +0 pair of boots (worn)
Jewellery
 d - an amulet of the gourmand (around neck)
Scrolls
 i - a scroll of magic mapping {unknown}
 m - a scroll of blinking {unknown}
 n - a scroll of immolation {unknown}
 p - a scroll of enchant armour {unknown}
Potions
 b - a potion of heal wounds {unknown}
 e - a potion of curing {unknown}
 k - 2 potions of degeneration {unknown}
 o - a potion of ambrosia {unknown}
Comestibles
 c - 2 bread rations
 g - 2 beef jerkies
 j - a meat ration


   Skills:
 + Level 4.2 Fighting
 + Level 2.0 Axes
 + Level 2.1 Armour
 + Level 1.1 Dodging
 + Level 3.2 Invocations


You had 3 spell levels left.
You didn't know any spells.

Dungeon Overview and Level Annotations

Branches:
Dungeon (2/15)

Altars:


Innate Abilities, Weirdness & Mutations

You are surrounded by a mild repulsion field (EV +2).
You are partially covered in sharp spines.


Message History

You have reached level 4!
You feel clever.
Your demonic ancestry asserts itself...
You begin to radiate repulsive energy.
You slash the rat!
You kill the rat!
Lugonu accepts your kill.
You hit the goblin.
The goblin is heavily wounded.
The goblin hits you but does no damage. The goblin is struck by your spines.
You kill the goblin!
Lugonu accepts your kill.
The ogre hits you with a giant spiked club!
Things that are here:
a dagger; a rat corpse; an adder corpse You hit the ogre.
The ogre is lightly wounded.
The ogre is struck by your spines.
The ogre hits you with a giant spiked club!!
Ouch! That really hurt!
You die...

.#.##.# #.# #...# ## ...##.#
###.# ###.# # ## ##.#######...#
#.# # .......>..#.######.### #
#.#######............# #
#####.#.........######.#># #
........######### ####.#.######
#
###.#.#############...........#
# #.#..........O@........####.#
# #.#.###....##'##.....#.# #.#
#
#^#.....####...####....####.###
#.....###..#...#..###..........
#....##.#..#...#..#.##.####.###
#....'÷.#..#...#..#()'(# #.#
#....##.#.†#...#†÷#.##.# #.#
##..[.###..#...#..###..####.##
##.....##'# #'##..........#


You could see an ogre.

Vanquished Creatures
  3 adders (D:2)
  A worm (D:2)
  2 giant cockroaches
  6 goblins
  5 hobgoblins
  A bat (D:1)
  5 giant geckos
  3 giant newts (D:2)
  9 kobolds
  4 rats
39 creatures vanquished.

Notes
Turn   | Place    | Note
--------------------------------------------------------------
     0 | Abyss:1  | Gargoyl the Demonspawn Abyssal Knight began the quest for the Orb.
     0 | Abyss:1  | Reached XP level 1. HP: 18/18 MP: 2/2
    44 | Abyss:1  | Noticed a brain worm
    84 | D:1      | Escaped the Abyss
   422 | D:1      | Reached * piety under Lugonu
   422 | D:1      | Gained mutation: You are partially covered in sharp spines. [demonic ancestry]
   422 | D:1      | Reached XP level 2. HP: 20/24 MP: 4/4
  1012 | D:2      | Reached XP level 3. HP: 25/30 MP: 5/5
  1118 | D:2      | Reached skill level 1 in Dodging
  1289 | D:2      | Reached skill level 4 in Fighting
  1349 | D:2      | Found a faded altar to an unknown god.
  1487 | D:2      | Noticed an ogre
  1491 | D:2      | Gained mutation: You are surrounded by a mild repulsion field (EV +2). [demonic ancestry]
  1491 | D:2      | Reached XP level 4. HP: 37/37 MP: 6/6
  1496 | D:2      | Mangled by an ogre

Action                   |  1- 3 |  4- 6 || total
-------------------------+-------+-------++-------
Melee: Hand axe          |    47 |       ||    47
       Falchion          |     4 |     3 ||     7
Invok: Depart the Abyss  |     1 |       ||     1
  Use: Scroll            |     2 |       ||     2
  Eat: Chunk             |     6 |       ||     6
